 Dungeon Crawl Stone Soup version 0.20.1-1-g8b1a95d (webtiles) character file.

252 Irenicus the Chopper (level 5, -7/46 HPs)
             Began as a Deep Dwarf Berserker on Nov 10, 2017.
             Was a Believer of Trog.
             Splashed by Pikel's acid (12 damage)
             ... on level 4 of the Dungeon.
             The game lasted 00:08:38 (1008 turns).

Irenicus the Chopper (Deep Dwarf Berserker)         Turns: 1008, Time: 00:08:38

Health: -7/46      AC:  0    Str: 20    XL:     5   Next: 89%
Magic:  5/5        EV: 12    Int:  8    God:    Trog [**....]
Gold:   148        SH:  0    Dex: 13    Spells: 4/4 levels left

rFire    . . .     SeeInvis .   a - +0 hand axe
rCold    . . .     Gourm    .   (no shield)
rNeg     . . .     Faith    .   b - +1 animal skin
rPois    .         Spirit   .   (no helmet)
rElec    .         Reflect  .   (no cloak)
rCorr    .         Harm     .   (no gloves)
MR       .....                  (no boots)
Stlth    +.........             (no amulet)
Regen    0.0/turn               (no ring)
MPRegen  0.1/turn               (no ring)

@: corroded, berserk cooldown, non-regenerating, slowed, very slow
A: damage resistance, heal wounds, sense surroundings 1, no regeneration
a: Heal Wounds, Berserk, Trog's Hand, Burn Spellbooks, Renounce Religion


You were on level 4 of the Dungeon.
You worshipped Trog.
Trog was pleased with you.
You were not hungry.

You visited 1 branch of the dungeon, and saw 4 of its levels.

You collected 148 gold pieces.

Inventory:

Hand Weapons
 a - a +0 hand axe (weapon)
Missiles
 o - 3 silver javelins (quivered)
Armour
 b - a +1 animal skin (worn)
Scrolls
 e - a scroll of teleportation
 g - a scroll of fog {unknown}
 i - a scroll of amnesia {unknown}
 j - a scroll of random uselessness {unknown}
 n - a scroll of blinking {unknown}
 p - a scroll of immolation {unknown}
Potions
 d - a potion of cancellation
 h - a potion of berserk rage
 k - a potion of heal wounds
 l - 2 potions of curing
 m - a potion of magic {unknown}
Comestibles
 c - 3 bread rations
 f - a royal jelly


   Skills:
 - Level 2.6 Fighting
 + Level 7.3 Axes
 - Level 2.2 Armour
 - Level 2.2 Dodging


You had 4 spell levels left.
You didn't know any spells.

Dungeon Overview and Level Annotations

Branches:
Dungeon (4/15)
 Temple: D:4-7

Altars:

Annotations:
D:4 Pikel


Innate Abilities, Weirdness & Mutations

You are resistant to damage.
You can heal yourself by infusing magical energy.
You passively map a small area around you.
You do not regenerate.


Message History

a short sword; a chain mail; an orc corpse You butcher the orc corpse.
Things that are here:
a short sword; a chain mail; a chunk of flesh Eat a chunk of flesh? (ye/n/q)
You eat the chunk of flesh.
This raw flesh tastes terrible.
Search for what [? for help]? leath Can't find anything matching that.
A slave comes into view.
Pikel the Slaver comes into view.
He is wielding a whip of flaming.
A slave comes into view.
Pikel shouts!
Pikel says, "I'm sure they'll be treated well, anyway."
The slave moves out of view. 2 slaves come into view.
The slave shouts! x2
The slave moves out of view.
Pikel zaps a wand.
The bolt of acid hits you!
* * * LOW HITPOINT WARNING * * *
The acid corrodes you!
You are splashed with acid!
The acid burns!
You die...

#####<# #
,########.#.....#.
#.#
#..#........)..##...
** *#.#
........###.######..
, ... , #
#.#,#.........# #..
* *#.# # *#.#.#
#.####.##.# #.. #.#
#.##.#.#,#.# #.# ,#
#.. #.# ......,#.#
#.# ,* ##. , ..#
,##.#.###.# #.# .
#..#....@...####$# ,
. ,
...pK............# *
. #pp#...###########
#.## * # * , * * , *
, , * ,* , * * , , ,
, , * * ** *


You could see Pikel and 3 slaves.

Vanquished Creatures
  Menkaure (D:4)
  A worker ant (D:4)
  A gnoll (D:2)
  4 adders
  An adder zombie (D:4)
  A worm (D:3)
  2 dart slugs
  3 leopard geckos
  An orc (D:4)
  A giant cockroach (D:3)
  3 goblins
  7 hobgoblins
  6 jackals
  5 kobolds (D:2)
  A ball python (D:3)
  3 bats
  3 frilled lizards
  8 rats
52 creatures vanquished.

Notes
Turn   | Place    | Note
-------+----------+-------------------------------------------
     0 | D:1      | Irenicus the Deep Dwarf Berserker began the quest for the Orb.
     0 | D:1      | Reached XP level 1. HP: 20/20 MP: 1/1
   139 | D:1      | Reached XP level 2. HP: 21/27 MP: 2/2
   186 | D:1      | Reached skill level 4 in Axes
   314 | D:2      | Reached XP level 3. HP: 10/33 MP: 3/3
   499 | D:2      | Reached skill level 5 in Axes
   501 | D:2      | Reached ** piety under Trog
   598 | D:2      | Reached XP level 4. HP: 13/40 MP: 4/4
   617 | D:2      | You fall through a shaft!
   847 | D:4      | Reached skill level 6 in Axes
   969 | D:4      | Noticed Menkaure
   978 | D:4      | Killed Menkaure
   978 | D:4      | Reached skill level 7 in Axes
   978 | D:4      | Reached XP level 5. HP: 35/46 MP: 5/5
  1005 | D:4      | Noticed a slave
  1006 | D:4      | Noticed Pikel
  1007 | D:4      | Noticed a slave
  1008 | D:4      | Noticed a slave
  1008 | D:4      | Noticed a slave
  1008 | D:4      | Splashed by Pikel's acid

Skill      XL: |  1  2  3  4 |
---------------+-------------+-----
Axes           | 4 5 7 |  7.3
Fighting       | |  2.6
Armour         | |  2.2
Dodging        | |  2.2

Action                   |  1- 3 |  4- 6 || total
-------------------------+-------+-------++-------
Melee: Hand axe          |    96 |    76 ||   172
Invok: Berserk           |     3 |     3 ||     6
       Trog's Hand       |     1 |     2 ||     3
  Use: Scroll            |     1 |     5 ||     6
  Eat: Chunk             |     1 |     6 ||     7
Armor: Animal skin       |    22 |    15 ||    37
Dodge: Dodged            |    48 |    49 ||    97
